 Dungeon Crawl Stone Soup version 0.24-a0-619-gb7544fd237 (webtiles) character file.

Game seed: 10111843396970025932, levelgen mode: deterministic

12591 Arang the Gouger (level 11, -9/61 HPs)
             Began as a Felid Transmuter on Sept 18, 2019.
             Was a High Priest of Elyvilon.
             Mangled by a swamp worm (16 damage)
             ... on level 4 of the Lair of Beasts.
             The game lasted 01:29:19 (22077 turns).

Arang the Gouger (Felid Transmuter)                Turns: 22077, Time: 01:29:20

Health: -9/61      AC: 10    Str:  6    XL:     11   Next: 64%
Magic:  19/24      EV: 17    Int: 15    God:    Elyvilon [*****.]
Gold:   856        SH:  0    Dex: 22    Spells: 12/27 levels left
                                        Lives:  0   Deaths: 3

rFire    x . .     SeeInvis +     - Unarmed
rCold    + + +     Gourm    .   (shield unavailable)
rNeg     . . .     Faith    .   (armour unavailable)
rPois    +         Spirit   .   (helmet unavailable)
rElec    .         Reflect  .   (cloak unavailable)
rCorr    .         Harm     .   (gloves unavailable)
MR       +....                  (boots unavailable)
Stlth    ++........             t - amulet of magic regeneration
HPRegen  0.20/turn              p - +3 ring of protection
MPRegen  0.44/turn              y - ring of wizardry

@: ice-form
A: large, no armour, no weapons or thrown items, stealth, see invisible, agile
1, carnivore, slow metabolism 1, wild magic 1
a: End Transformation, Lesser Healing, Heal Other, Purification, Greater
Healing, Divine Vigour, Divine Protection, Renounce Religion


You were on level 4 of the Lair of Beasts.
You worshipped Elyvilon.
Elyvilon was extremely pleased with you.
You were completely stuffed.
You were a creature of crystalline ice.
You visited 3 branches of the dungeon, and saw 18 of its levels.

You collected 894 gold pieces.
You spent 38 gold pieces at shops.

Inventory:

Missiles
 a - 228 arrows
Jewellery
 g - an uncursed ring of ice
 k - an uncursed ring of positive energy
 p - a +3 ring of protection (left front paw)
 t - an amulet of magic regeneration (around neck)
 v - an uncursed ring of ice
 y - a ring of wizardry (right front paw)
Wands
 n - a wand of digging (4)
 r - a wand of flame (7)
 A - a wand of clouds (7)
 C - a wand of iceblast (14)
 E - a wand of scattershot (3)
 F - a wand of polymorph (6)
Scrolls
 d - 5 scrolls of magic mapping
 e - 4 scrolls of remove curse
 f - 9 scrolls of teleportation
 h - a scroll of acquirement {unknown}
 i - 2 scrolls of fog
 o - a scroll of holy word {unknown}
 s - a scroll of fear {unknown}
 x - 2 scrolls of noise {unknown}
 z - 2 scrolls of immolation
 B - 2 scrolls of vulnerability {unknown}
 H - a scroll of amnesia {unknown}
Potions
 j - 2 potions of might
 l - 2 potions of lignification
 m - 3 potions of agility
 q - 4 potions of flight
 u - a potion of cancellation
 w - a potion of haste
 D - a potion of resistance
 G - a potion of curing
Comestibles
 b - 6 chunks of flesh
 c - 28 rations


   Skills:
 * Level 8.1 Fighting
 - Level 9.0 Dodging
 - Level 2.1 Stealth
 + Level 11.1 Unarmed Combat
 * Level 8.5 Spellcasting
 * Level 4.3 Conjurations
 - Level 5.8 Translocations
 * Level 10.1 Transmutations
 - Level 3.0 Fire Magic
 - Level 4.0 Ice Magic
 - Level 4.0 Poison Magic
 - Level 2.2 Invocations
 * Level 2.5 Evocations


You had 12 spell levels left.
You knew the following spells:

 Your Spells              Type           Power        Failure   Level  Hunger
a - Beastly Appendage     Tmut           #####.       1%          1    None
b - Sticks to Snakes      Tmut           #####...     1%          2    None
c - Spider Form           Tmut/Pois      #####.....   1%          3    ##.....
d - Ice Form              Ice/Tmut       #####...     4%          4    ####...
e - Blink                 Tloc           N/A          1%          2    None
f - Conjure Flame         Conj/Fire      ###.....     4%          3    ##.....

Your spell library contained the following spells:

 Spells                   Type           Power        Failure   Level  Hunger
 Magic Dart               Conj           ####         1%          1    None
 Gell's Gravitas          Tloc           ####......   2%          3    ##.....
 Lesser Beckoning         Tloc           ####......   2%          3    ##.....
 Teleport Other           Tloc           ####....     2%          3    ##.....
 Shroud of Golubria       Chrm/Tloc      ###...       3%          2    None
 Blade Hands              Tmut           #####.....   3%          5    #####..
 Ensorcelled Hibernation  Hex/Ice        ###...       4%          2    None
 Mephitic Cloud           Conj/Pois/Air  ###.....     6%          3    ##.....
 Passage of Golubria      Tloc           N/A          6%          4    ####...
 Corona                   Hex            #......      7%          1    None
 Dazzling Spray           Conj/Hex       ###...       9%          3    ##.....
 Call Imp                 Summ           #.......     10%         2    None
 Slow                     Hex            #.......     10%         2    None
 Confuse                  Hex            #.......     19%         3    ##.....
 Tukima's Dance           Hex            #.......     19%         3    ##.....
 Venom Bolt               Conj/Pois      ###.......   28%         5    #####..
 Bolt of Magma            Conj/Fire/Erth ###.......   47%         5    #####..
 Iskenderun's Battlesphe  Conj/Chrm      ###.....     52%         5    #####..
 Iron Shot                Conj/Erth      ###.......   96%         6    #######
 Orb of Destruction       Conj           ####......   99%         7    #######
 Spellforged Servitor     Conj/Summ      ###.......   100%        7    #######


Dungeon Overview and Level Annotations

Branches:
Dungeon (13/15)            Temple (1/1) D:6            Lair (4/6) D:11
  Swamp (0/4) Lair:2        Snake (0/4) Lair:2          Orc (0/2) D:11
 Vaults: D:13-14

Altars:
Ashenzari
Dithmenos
Elyvilon
Fedhas
Gozag
Hepliaklqana
Kikubaaqudgha
Makhleb
Nemelex Xobeh
Okawaru
Qazlal
Ru
Trog
Vehumet
Wu Jian
Xom
Yredelemnul
Zin
The Shining One

Shops:
D:5 ?

Portals:
Trove: D:11 (give 16 potions of curing)

Annotations:
D:3 exclusion: downstairs
D:4 1 exclusion
D:5 exclusion: downstairs
D:9 exclusion: downstairs
D:12 Snorg
Lair:1 exclusion: downstairs
Lair:2 exclusion: downstairs


Innate Abilities, Weirdness & Mutations

You cannot wear armour.
You are incapable of wielding weapons or throwing items.
Your paws allow you to move quietly. (Stealth)
((You have sharp claws.))
((You have razor-sharp teeth.))
You have supernaturally acute eyesight. (SInv)
You are carnivorous and can eat meat at any time.
((You cover ground quickly.))
((You are covered in thick fur. (AC +2)))
You have a slow metabolism.
((Your sharp claws are effective at attacking unaware monsters.))
You are agile. (Dex +2)
Your spells are a little harder to cast, but a little more powerful.


Message History

You are yanked forward by the harpoon shot.
The swamp worm throws harpoon shot at you.
The harpoon shot hits you!
You are yanked forward by the harpoon shot.
The swamp worm bites you!
A tyrant leech comes into view.
Casting: Conjure Flame (safe; 4% risk of failure)
Confirm with . or Enter, or press ? or * to list all spells.
You turn into a creature of crystalline ice.
The swamp worm bites you but does no damage.
The swamp worm barely misses you.
You hit the swamp worm. You freeze the swamp worm.
The swamp worm is lightly wounded.
The swamp worm closely misses you. The swamp worm misses you.
You punch the swamp worm! You freeze the swamp worm!
The swamp worm is almost dead.
The swamp worm bites you!!
* * * LOW HITPOINT WARNING * * *
The swamp worm bites you!
You die...

# .....#.≈≈≈
.###....≈≈≈≈≈ #..
..#....≈≈≈# . #..
#.##...≈≈P#w
#.#.8.#.#....w≈≈≈ww
#.....#.#...w≈≈P#w≈
..#...#.#....≈≈≈##
#......#w....≈≈≈≈
.#.....#§Yw.....≈≈≈
.........w.........
.##....P#..........
...#.#.##.<.P##...
.# #?#. ##...# (##
. .. #..## .....
.... .#.. #....
##..# #...#.


You could see a tyrant leech and 4 swamp worms.

Vanquished Creatures
  Fannar (D:12)
  5 hydras
  A two-headed ogre (D:10)
  An unseen horror (Lair:2)
  Pikel (D:5)
  An ugly thing (D:11)
  8 elephants
  8 spiny frogs
  2 kobold demonologists (D:12)
  6 komodo dragons
  3 trolls
  Grinder (D:2)
  7 blink frogs
  7 hippogriffs
  Sigmund (D:4)
  A vampire (D:11)
  7 yaks
  A spriggan (D:7)
  3 wyverns
  2 water elementals (D:11)
  4 basilisks
  A swamp worm (Lair:2)
  3 nagas (Lair:2)
  7 water moccasins
  3 porcupines
  5 orc warriors
  2 sky beasts
  3 ice beasts
  3 black bears
  An eye of draining (D:9)
  4 ogres
  3 centaurs
  4 crocodiles
  2 wolves
  A big kobold (D:12)
  8 bullfrogs
  A water moccasin skeleton (D:9)
  2 scorpions (D:9)
  15 killer bees
  5 wights (D:9)
  An electric eel (D:11)
  5 howler monkeys
  A vampire bat (D:7)
  A crimson imp (D:7)
  A quasit (D:12)
  A bullfrog zombie (D:9)
  2 jellies
  8 hounds
  3 orc priests
  10 orc wizards
  3 bullfrog skeletons
  4 iguanas
  8 worker ants
  A hound zombie (D:9)
  A worker ant zombie (D:6)
  2 howler monkey zombies
  3 gnolls (D:7)
  5 adders
  3 shadow imps
  3 oozes
  An adder zombie (D:5)
  2 worms
  3 dart slugs
  8 leopard geckos
  43 orcs
  3 bat skeletons (D:7)
  4 bat zombies (D:7)
  2 giant cockroaches
  6 goblins
  5 hobgoblins
  11 jackals
  5 quokkas
  2 ball pythons
  6 bats
  6 frilled lizards
  10 kobolds
  A quokka skeleton (D:5)
  10 rats
338 creatures vanquished.

Vanquished Creatures (collateral kills)
  An elephant (Lair:1)
  A wyvern (D:11)
  An eye of draining (D:11)
  An adder (D:4)
4 creatures vanquished.

Vanquished Creatures (others)
  Menkaure (D:6)
  A bullfrog (D:6)
  An orc priest (D:6)
  An orc wizard (D:6)
  An adder (D:6)
  An orc (D:6)
  2 fungi
  3 plants
11 creatures vanquished.

Grand Total: 353 creatures vanquished

Notes
Turn   | Place    | Note
-------+----------+-------------------------------------------
     0 | D:1      | Arang the Felid Transmuter began the quest for the Orb.
     0 | D:1      | Reached XP level 1. HP: 9/9 MP: 4/4
   121 | D:1      | Reached XP level 2. HP: 4/12 MP: 6/6
   125 | D:1      | Learned a level 2 spell: Sticks to Snakes
  1059 | D:2      | Reached skill level 1 in Stealth
  1061 | D:2      | Reached XP level 3. HP: 15/15 MP: 5/7
  1077 | D:2      | Learned a level 3 spell: Spider Form
  2017 | D:3      | Noticed Grinder
  2027 | D:2      | Gained mutation: You are agile. (Dex +2) [potion of
                  | mutation]
  2027 | D:2      | Gained mutation: Your spells are a little harder to cast,
                  | but a little more powerful. [potion of mutation]
  2033 | D:2      | Paralysed by Grinder for 6 turns
  2052 | D:2      | Killed Grinder
  2052 | D:2      | Reached skill level 4 in Unarmed Combat
  2052 | D:2      | Reached skill level 1 in Poison Magic
  2052 | D:2      | Reached XP level 4. HP: 19/19 MP: 2/9
  2052 | D:2      | Reached XP level 5. HP: 22/22 MP: 2/10
  2774 | D:3      | Gained mutation: You are covered in thick fur. (AC +2)
                  | [Felid growth]
  2774 | D:3      | Reached XP level 6. HP: 21/26 MP: 11/11
  3194 | D:4      | Noticed Sigmund
  3241 | D:4      | Killed Sigmund
  3539 | D:4      | Learned a level 4 spell: Ice Form
  3741 | D:4      | Reached XP level 7. HP: 27/30 MP: 12/12
  4073 | D:3      | Reached skill level 5 in Unarmed Combat
  4226 | D:4      | Reached skill level 5 in Dodging
  4438 | D:4      | Learned a level 2 spell: Blink
  4961 | D:5      | Entered Level 5 of the Dungeon
  5001 | D:5      | Found Osunilis's Magic Scroll Boutique.
  5118 | D:5      | Noticed a hippogriff
  5223 | D:5      | Reached skill level 1 in Translocations
  5390 | D:5      | Killed a hippogriff
  5390 | D:5      | Reached XP level 8. HP: 17/34 MP: 14/14
  5563 | D:5      | Bought a scroll of magic mapping for 38 gold pieces
  5631 | D:6      | Noticed Pikel
  5891 | D:5      | Killed Pikel
  5891 | D:5      | Reached skill level 6 in Unarmed Combat
  5891 | D:5      | Reached skill level 5 in Transmutations
  6176 | D:6      | Found a staircase to the Ecumenical Temple.
  6184 | Temple   | Entered the Ecumenical Temple
  6347 | Temple   | Became a worshipper of Elyvilon the Healer
  6374 | D:6      | Noticed Menkaure
  6666 | D:6      | Killed Menkaure
  7085 | D:7      | Reached XP level 9. HP: 39/39 MP: 10/16
  7173 | D:7      | Reached * piety under Elyvilon
  7981 | D:7      | Reached skill level 7 in Unarmed Combat
  8239 | D:7      | Found an ancient bone altar of Kikubaaqudgha.
  8352 | D:8      | Noticed a purple ugly thing
  8694 | D:8      | Reached ** piety under Elyvilon
  9027 | D:9      | Reached skill level 5 in Translocations
  9113 | D:10     | Entered Level 10 of the Dungeon
  9392 | D:10     | Noticed a two-headed ogre
  9419 | D:10     | Killed a two-headed ogre
  9419 | D:10     | Reached skill level 5 in Fighting
  9419 | D:10     | Reached XP level 10. HP: 31/44 MP: 14/18
  9529 | D:10     | Noticed a gargoyle
  9866 | D:9      | Reached skill level 5 in Spellcasting
 10007 | D:9      | Reached *** piety under Elyvilon
 10130 | D:9      | Reached skill level 1 in Ice Magic
 10736 | D:9      | Reached skill level 8 in Unarmed Combat
 11409 | D:10     | Learned a level 3 spell: Conjure Flame
 11702 | D:11     | Reached **** piety under Elyvilon
 12464 | D:11     | Found a staircase to the Orcish Mines.
 12601 | D:11     | Noticed a green ugly thing
 12638 | D:11     | HP: 2/54 [poisoned by a green ugly thing]
 12640 | D:11     | Mangled by a green ugly thing
 12641 | D:11     | Reached XP level 9. HP: -10/73 MP: 18/18
 12911 | D:11     | Reached XP level 10. HP: 12/46 MP: 11/19
 13264 | D:11     | Found a portal to a secret trove of treasure.
 13315 | D:11     | Found a staircase to the Lair.
 13328 | D:11     | Reached skill level 9 in Unarmed Combat
 13347 | Lair:1   | Entered Level 1 of the Lair of Beasts
 13368 | Lair:1   | Noticed a five-headed hydra
 13387 | Lair:1   | Killed a five-headed hydra
 13462 | Lair:1   | Noticed a spiny frog
 13471 | Lair:1   | Killed a spiny frog
 13500 | Lair:1   | Noticed a spiny frog
 13533 | Lair:1   | HP: 2/46 [poisoned by a spiny frog]
 13830 | Lair:1   | Killed a spiny frog
 13830 | Lair:1   | Reached skill level 1 in Conjurations
 13830 | Lair:1   | Reached skill level 1 in Fire Magic
 14118 | Lair:1   | Noticed a spiny frog
 14154 | Lair:1   | Killed a spiny frog
 14240 | Lair:1   | Reached skill level 1 in Invocations
 14709 | Lair:1   | Reached XP level 11. HP: 15/49 MP: 21/21
 16351 | Lair:2   | Noticed a four-headed hydra
 16361 | Lair:2   | Killed a four-headed hydra
 16790 | Lair:2   | Reached ***** piety under Elyvilon
 17588 | D:11     | Killed a green ugly thing
 17774 | D:12     | Noticed Fannar
 17811 | D:12     | Killed Fannar
 17811 | D:12     | Reached skill level 10 in Unarmed Combat
 17879 | D:12     | Noticed a sun demon
 18139 | D:12     | Noticed Snorg
 19040 | D:13     | Slain by a manticore
 19041 | D:13     | Reached XP level 10. HP: -2/56 MP: 22/22
 19052 | D:13     | Noticed a centaur warrior
 19072 | D:13     | Shot with an arrow by a centaur
 19073 | D:13     | Reached XP level 9. HP: -2/43 MP: 21/21
 19125 | D:13     | Noticed a seven-headed hydra
 19494 | Lair:1   | Killed an elephant
 19494 | Lair:1   | Reached XP level 10. HP: 47/47 MP: 17/22
 19555 | Lair:1   | Killed an elephant
 19585 | Lair:1   | Killed an elephant
 19974 | Lair:2   | Found a staircase to the Snake Pit.
 20042 | Lair:2   | Noticed a six-headed hydra
 20051 | Lair:2   | Killed a six-headed hydra
 20060 | Lair:2   | Noticed Sonja
 20061 | Lair:2   | Noticed Sonja
 20061 | Lair:2   | Sonja changed into Sonja the unseen horror
 20088 | Lair:2   | Killed Sonja the unseen horror
 20174 | Lair:2   | Noticed a four-headed hydra
 20327 | Lair:2   | Killed a four-headed hydra
 20367 | Lair:2   | Found a staircase to the Swamp.
 20445 | Lair:2   | Noticed a spiny frog
 20445 | Lair:2   | Noticed a spiny frog
 20455 | Lair:2   | Killed a spiny frog
 20455 | Lair:2   | Reached skill level 1 in Evocations
 20455 | Lair:2   | Reached XP level 11. HP: 51/51 MP: 13/24
 20966 | Lair:3   | Noticed a four-headed hydra
 20973 | Lair:3   | Killed a four-headed hydra
 21053 | Lair:3   | Reached skill level 10 in Transmutations
 21349 | Lair:3   | Reached skill level 11 in Unarmed Combat
 22077 | Lair:4   | Mangled by a swamp worm

Levels and vault maps discovered:
D:1:      wander_arrival_peaceful_grave, layout_loops_ring
D:2:      layout_basic
D:3:      layout_rooms, first_ration, uniq_grinder
D:4:      layout_basic, uniq_sigmund
D:5:      layout_rooms, serial_shops, shop
D:6:      layout_rooms, minmay_temple_entry_ruins, kennysheep_small_spiral,
          uniq_pikel, uniq_menkaure
D:7:      layout_basic, kennysheep_vampire_church, grunt_decor_one_mirror,
          the_bakery
D:8:      layout_basic
D:9:      layout_grid_maze
D:10:     layout_cave_pools
D:11:     layout_gridville, erik_lair_island, orc_0_dummy, enter_trove_0,
          uniq_gastronok
D:12:     layout_roguey, hex_tiny, uniq_snorg, uniq_fannar
D:13:     layout_irregular_city, uniq_kirke
Temple:   roderic_octagonal_lattice_temple
Lair:1:   layout_roguey, serial_bayou_shore_b
Lair:2:   layout_cave_shapes, palyth_hydra_swamp_entry,
          minmay_snake_entry_guardpost_small, grunt_megastairs_5,
          serial_bayou_shore_b, lemuel_fruit_tree, uniq_sonja
Lair:3:   wander_river, layout_layer_cave
Lair:4:   layout_regular_city, ebering_ghost_rock_garden, worms_lemuel,
          grunt_megastairs_1

Skill      XL: |  1  2  3  4  5  6  7  8  9 10 11 |
---------------+----------------------------------+-----
Dodging        | 3 4 5 6 7 9 |  9.0
Stealth        | 1 2 |  2.1
Fighting       | 2 3 4 5 6 8 |  8.1
Unarmed Combat | 4 5 6 7 9 11 | 11.1
Poison Magic   | 1 2 3 4 |  4.0
Transmutations | 3 4 5 6 8 10 | 10.1
Spellcasting   | 3 4 8 7 |  8.5
Translocations | 1 3 5 |  5.8
Ice Magic      | 3 4 |  4.0
Conjurations   | 1 4 |  4.3
Fire Magic     | 1 3 |  3.0
Invocations    | 1 2 |  2.2
Evocations     | 1 2 |  2.5

Action                   |  1- 3 |  4- 6 |  7- 9 | 10-12 || total
-------------------------+-------+-------+-------+-------++-------
Melee: Unarmed           |   107 |   123 |   435 |   690 ||  1355
       Headbutt          |    14 |    20 |    45 |     4 ||    83
       Bite              |    11 |     8 |    22 |     7 ||    48
       Punch             |     2 |     2 |     7 |     2 ||    13
 Cast: Beastly Appendage |    22 |    22 |    37 |     7 ||    88
       Sticks to Snakes  |     3 |     4 |     6 |    26 ||    39
       Spider Form       |     1 |     1 |    22 |    27 ||    51
       Ice Form          |       |       |     4 |    48 ||    52
       Conjure Flame     |       |       |     2 |    20 ||    22
       Blink             |       |       |       |     1 ||     1
Invok: Lesser Healing    |       |       |       |     1 ||     1
       Purification      |       |       |       |     1 ||     1
 Abil: End Transformatio |       |       |       |     4 ||     4
Evoke: Wand              |       |       |     7 |    18 ||    25
  Use: Potion            |     8 |       |     3 |     6 ||    17
       Scroll            |       |       |     7 |    11 ||    18
 Stab: Sleeping          |     6 |     7 |    11 |     9 ||    33
       Distracted        |     1 |     1 |     1 |     7 ||    10
  Eat: Chunk             |    10 |     4 |    21 |    41 ||    76
Armor: Skin              |    10 |    11 |    51 |   108 ||   180
Dodge: Dodged            |    86 |    98 |   387 |   655 ||  1226

Table legend:
 A = Non-vault XP
 B = Vault XP
 C = Vault XP percentage of total XP
 D = Non-vault monster count
 E = Vault monster count
 F = Vault count percentage of total count
                 A         B        C        D         E       F
            +---------+---------+-------+---------+---------+-------
      Total |   30846 |    6791 |  18.0 |     312 |      30 |   8.8
            +---------+---------+-------+---------+---------+-------
        D:1 |      38 |       0 |   0.0 |      17 |       0 |   0.0
        D:2 |      41 |     253 |  86.1 |      15 |       1 |   6.2
        D:3 |     223 |       0 |   0.0 |      33 |       0 |   0.0
        D:4 |     432 |     227 |  34.4 |      28 |       1 |   3.4
        D:5 |     460 |     663 |  59.0 |      10 |       1 |   9.1
        D:6 |     431 |       0 |   0.0 |      13 |       0 |   0.0
        D:7 |    1147 |     281 |  19.7 |      29 |       9 |  23.7
        D:8 |      44 |       0 |   0.0 |       6 |       0 |   0.0
        D:9 |    1891 |       0 |   0.0 |      31 |       0 |   0.0
       D:10 |    1746 |     187 |   9.7 |      13 |       3 |  18.8
       D:11 |    3114 |     490 |  13.6 |      33 |       4 |  10.8
       D:12 |    2190 |    1002 |  31.4 |      19 |       1 |   5.0
       D:13 |     692 |       0 |   0.0 |       6 |       0 |   0.0
     Lair:1 |    7667 |       0 |   0.0 |      25 |       0 |   0.0
     Lair:2 |    4249 |    3688 |  46.5 |      16 |      10 |  38.5
     Lair:3 |    6481 |       0 |   0.0 |      18 |       0 |   0.0
            +---------+---------+-------+---------+---------+-------
